PA
WALLA WALLA WALLEYE @ MANCELONA TORCH
08/29/2023
 
TOP OF THE 1ST
Walla Walla Walleye batting - Pitching for Mancelona Torch : RHP Tadayoshi Tanaka
Pitching: RHP Tadayoshi Tanaka
Batting: SHB David Martínez 0-0: Ground out 1-3 (Groundball, 13S)
Batting: RHB Alex Rucker 0-0: Ground out 6-3 (Groundball, 6M)
Batting: LHB Ángel López 0-0: Foul Ball, location: 2F
0-1: Ball
1-1: Called Strike
1-2: Strikes out looking
Top of the 1st over - 0 run(s), 0 hit(s), 0 error(s), 0 left on base; Walla Walla 0 - Mancelona 0
BOTTOM OF THE 1ST
Mancelona Torch batting - Pitching for Walla Walla Walleye : LHP Octávio Fernández
Pitching: LHP Octávio Fernández
Batting: RHB Ron Thomas 0-0: Ground out 4-3 (Groundball, 4)
Batting: LHB Manuel Carmona 0-0: SINGLE (Line Drive, 8RS)
Batting: RHB Ricardo Cardenas 0-0: Ball
Manuel Carmona is caught stealing 2nd base
1-0: Ground out 4-3 (Groundball, 4M)
Bottom of the 1st over - 0 run(s), 1 hit(s), 0 error(s), 0 left on base; Walla Walla 0 - Mancelona 0
TOP OF THE 2ND
Walla Walla Walleye batting - Pitching for Mancelona Torch : RHP Tadayoshi Tanaka
Batting: RHB Ieyoshi Yamamoto 0-0: Ground out 6-3 (Groundball, 6)
Batting: LHB José Pacheco 0-0: Ball
1-0: Ball
2-0: Foul Ball, location: 2F
2-1: Fly out, F4 (Line Drive, 34)
Batting: RHB Vicente Quezada 0-0: Called Strike
0-1: Ball
1-1: Foul Ball, location: 2F
1-2: Foul Ball, location: 2F
1-2: Ball
2-2: Ground out 6-3 (Groundball, 6)
Top of the 2nd over - 0 run(s), 0 hit(s), 0 error(s), 0 left on base; Walla Walla 0 - Mancelona 0
BOTTOM OF THE 2ND
Mancelona Torch batting - Pitching for Walla Walla Walleye : LHP Octávio Fernández
Batting: RHB Juan Carlos Cruz 0-0: Called Strike
0-1: Ball
1-1: Called Strike
1-2: SINGLE (Line Drive, 34D)
Batting: RHB Jim Unknown 0-0: Ball
1-0: Foul Ball, location: 2F
1-1: Ball
2-1: Swinging Strike
2-2: Foul Ball, location: 2F
2-2: Strikes out swinging
Batting: LHB Raúl Godines 0-0: Ball
1-0: Fly out, F8 (Flyball, 8LM)
Batting: RHB Juan Báez 0-0: Foul Ball, location: 2F
0-1: Foul Ball, location: 2F
0-2: SINGLE (Line Drive, 34)
Juan Carlos Cruz to second
Batting: RHB Bert Cook 0-0: SINGLE (Line Drive, 89S)
Juan Carlos Cruz to third
Juan Báez to second
Batting: LHB Jim Unknown 0-0: Foul Ball, location: 2F
0-1: GRAND SLAM HOME RUN (Flyball, 9D), Distance : 382 ft
Batting: RHB Ron Thomas 0-0: Ball
1-0: Called Strike
1-1: Swinging Strike
1-2: Foul Ball, location: 2F
1-2: Strikes out swinging
Bottom of the 2nd over - 4 run(s), 4 hit(s), 0 error(s), 0 left on base; Walla Walla 0 - Mancelona 4
TOP OF THE 3RD
Walla Walla Walleye batting - Pitching for Mancelona Torch : RHP Tadayoshi Tanaka
Batting: RHB Hieu De 0-0: Called Strike
0-1: Ball
1-1: Foul Ball, location: 2F
1-2: Ball
2-2: Foul Ball, location: 2F
2-2: Fly out, F8 (Flyball, 8LXD)
Batting: RHB Juan Martínez 0-0: SINGLE (Groundball, 4D) (infield hit)
Batting: RHB Jim Brooks 0-0: Ball
1-0: Called Strike
1-1: Ball
2-1: Called Strike
2-2: Foul Ball, location: 2F
2-2: Ball
3-2: Strikes out swinging
Batting: SHB David Martínez 0-0: Called Strike
0-1: Ground out 6-3 (Groundball, 6)
Top of the 3rd over - 0 run(s), 1 hit(s), 0 error(s), 1 left on base; Walla Walla 0 - Mancelona 4
BOTTOM OF THE 3RD
Mancelona Torch batting - Pitching for Walla Walla Walleye : LHP Octávio Fernández
Batting: LHB Manuel Carmona 0-0: Fly out, F4 (Line Drive, 4)
Batting: RHB Ricardo Cardenas 0-0: Ball
1-0: Fly out, F7 (Flyball, 78S)
Batting: RHB Juan Carlos Cruz 0-0: Called Strike
0-1: Foul Ball, location: 2F
0-2: Fly out, F6 (Popup, 6)
Bottom of the 3rd over - 0 run(s), 0 hit(s), 0 error(s), 0 left on base; Walla Walla 0 - Mancelona 4
TOP OF THE 4TH
Walla Walla Walleye batting - Pitching for Mancelona Torch : RHP Tadayoshi Tanaka
Batting: RHB Alex Rucker 0-0: Ball
1-0: Foul Ball, location: 2F
1-1: Ball
2-1: Fly out, F7 (Line Drive, 78S)
Batting: LHB Ángel López 0-0: Ball
1-0: Called Strike
1-1: Ball
2-1: Fly out, F5 (Popup, 15)
Batting: RHB Ieyoshi Yamamoto 0-0: Foul Ball, location: 2F
0-1: Ball
1-1: SINGLE (Line Drive, 78S)
Batting: LHB José Pacheco 0-0: Swinging Strike
0-1: Ball
1-1: Ball
2-1: SINGLE (Line Drive, 89S)
Ieyoshi Yamamoto to second
Runner from 2nd tries for 3rd, SAFE, throw made to third
Batting: RHB Vicente Quezada 0-0: Ball
1-0: Called Strike
1-1: Ball
2-1: Fly out, F8 (Flyball, 8LXD)
Top of the 4th over - 0 run(s), 2 hit(s), 0 error(s), 2 left on base; Walla Walla 0 - Mancelona 4
BOTTOM OF THE 4TH
Mancelona Torch batting - Pitching for Walla Walla Walleye : LHP Octávio Fernández
Batting: RHB Jim Unknown 0-0: Ball
1-0: Ball
2-0: Ball
3-0: Base on Balls
Batting: LHB Raúl Godines 0-0: Ball
1-0: Called Strike
1-1: Ball
2-1: Ball
3-1: Base on Balls
Jim Unknown to second
Batting: RHB Juan Báez 0-0: Called Strike
0-1: Ball
1-1: Fielders Choice at 2nd, 4-6 (Groundball, 4)
Jim Unknown to third
Batting: RHB Bert Cook 0-0: Ball
1-0: Called Strike
1-1: Swinging Strike
1-2: Ball
Juan Báez is caught stealing 2nd base
2-2: Strikes out swinging
Bottom of the 4th over - 0 run(s), 0 hit(s), 0 error(s), 1 left on base; Walla Walla 0 - Mancelona 4
TOP OF THE 5TH
Walla Walla Walleye batting - Pitching for Mancelona Torch : RHP Tadayoshi Tanaka
Batting: RHB Hieu De 0-0: Called Strike
0-1: Ball
1-1: Ground out 6-3 (Groundball, 56)
Batting: RHB Juan Martínez 0-0: Called Strike
0-1: Ball
1-1: Fly out, F7 (Popup, 6MD)
Batting: RHB Jim Brooks 0-0: Ball
1-0: Called Strike
1-1: Swinging Strike
1-2: Foul Ball, location: 2F
1-2: Ball
2-2: Strikes out swinging
Top of the 5th over - 0 run(s), 0 hit(s), 0 error(s), 0 left on base; Walla Walla 0 - Mancelona 4
BOTTOM OF THE 5TH
Mancelona Torch batting - Pitching for Walla Walla Walleye : LHP Octávio Fernández
Batting: LHB Jim Unknown 0-0: Swinging Strike
0-1: Ball
1-1: Fly out, F1 (Line Drive, 13)
Batting: RHB Ron Thomas 0-0: Fly out, F8 (Flyball, 8RM)
Batting: LHB Manuel Carmona 0-0: Called Strike
0-1: Ball
1-1: Ground out 5-3 (Groundball, 5)
Bottom of the 5th over - 0 run(s), 0 hit(s), 0 error(s), 0 left on base; Walla Walla 0 - Mancelona 4
TOP OF THE 6TH
Walla Walla Walleye batting - Pitching for Mancelona Torch : RHP Tadayoshi Tanaka
Batting: SHB David Martínez 0-0: Called Strike
0-1: Ball
1-1: Called Strike
1-2: Strikes out swinging
Batting: RHB Alex Rucker 0-0: Bunted foul
0-1: Fly out, F8 (Flyball, 8RM)
Batting: LHB Ángel López Reached via error on a dropped throw, E3
Batting: RHB Ieyoshi Yamamoto 0-0: Swinging Strike
0-1: Ball
Ángel López steals 2nd base
1-1: Swinging Strike
1-2: Ball
2-2: SINGLE (Line Drive, 4D)
Ángel López to third
Runner from 3rd tries for Home, SAFE, no throw or cutoff
Batting: LHB José Pacheco 0-0: Ball
1-0: Ball
2-0: Ball
3-0: Base on Balls
Ieyoshi Yamamoto to second
Batting: RHB Vicente Quezada 0-0: Ball
1-0: Ball
2-0: Ball
3-0: Called Strike
3-1: Fly out, F3 (Popup, 3DF)
Top of the 6th over - 1 run(s), 1 hit(s), 1 error(s), 2 left on base; Walla Walla 1 - Mancelona 4
BOTTOM OF THE 6TH
Mancelona Torch batting - Pitching for Walla Walla Walleye : LHP Octávio Fernández
Batting: RHB Ricardo Cardenas 0-0: Ball
1-0: Called Strike
1-1: Swinging Strike
1-2: Ball
2-2: Strikes out looking
Batting: RHB Juan Carlos Cruz 0-0: Ball
1-0: Foul Ball, location: 2F
1-1: SINGLE (Groundball, 56)
Batting: RHB Jim Unknown 0-0: Ball
1-0: Called Strike
1-1: Foul Ball, location: 2F
1-2: SINGLE (Groundball, 6D)
Juan Carlos Cruz to second
Batting: LHB Raúl Godines 0-0: Ball
1-0: Ball
2-0: Ball
3-0: Base on Balls
Juan Carlos Cruz to third
Jim Unknown to second
Batting: RHB Juan Báez 0-0: Called Strike
0-1: Foul Ball, location: 2F
0-2: Strikes out swinging
Batting: RHB Bert Cook 0-0: Called Strike
0-1: Ball
1-1: Foul Ball, location: 2F
1-2: Strikes out swinging
Bottom of the 6th over - 0 run(s), 2 hit(s), 0 error(s), 3 left on base; Walla Walla 1 - Mancelona 4
TOP OF THE 7TH
Walla Walla Walleye batting - Pitching for Mancelona Torch : RHP Tadayoshi Tanaka
Batting: RHB Hieu De 0-0: Ball
1-0: Fly out, F2 (Popup, 2R)
Batting: RHB Juan Martínez 0-0: Foul Ball, location: 2F
0-1: Ground out 4-3 (Groundball, 4M)
Batting: RHB Jim Brooks 0-0: Ball
1-0: Called Strike
1-1: Ball
2-1: SINGLE (Line Drive, 89S)
Batting: SHB David Martínez 0-0: Fielders Choice at 2nd, U4 (Groundball, 4M)
Top of the 7th over - 0 run(s), 1 hit(s), 0 error(s), 1 left on base; Walla Walla 1 - Mancelona 4
BOTTOM OF THE 7TH
Mancelona Torch batting - Pitching for Walla Walla Walleye : LHP Octávio Fernández
Batting: LHB Jim Unknown 0-0: Called Strike
0-1: Fly out, F7 (Flyball, 7S)
Batting: RHB Ron Thomas 0-0: Ball
1-0: Ball
2-0: Fly out, F2 (Popup, 2L)
Batting: LHB Manuel Carmona 0-0: Ball
1-0: Foul Ball, location: 2F
1-1: Foul Ball, location: 2F
1-2: Ball
2-2: SINGLE (Groundball, 34D)
Batting: RHB Ricardo Cardenas 0-0: Ball
1-0: Called Strike
1-1: SINGLE (Line Drive, 56D)
Manuel Carmona to second
Batting: RHB Juan Carlos Cruz 0-0: Ball
1-0: Fly out, F3 (Popup, 4MS)
Bottom of the 7th over - 0 run(s), 2 hit(s), 0 error(s), 2 left on base; Walla Walla 1 - Mancelona 4
TOP OF THE 8TH
Walla Walla Walleye batting - Pitching for Mancelona Torch : RHP Tadayoshi Tanaka
Batting: RHB Alex Rucker 0-0: Bunt missed!
0-1: SINGLE (Groundball, 6MD)
Batting: LHB Ángel López 0-0: Ball
1-0: Fly out, F9 (Flyball, 9LM)
Batting: RHB Ieyoshi Yamamoto 0-0: Ball
1-0: Fly out, F9 (Flyball, 9LS)
Batting: LHB José Pacheco 0-0: Ball
1-0: Ball
2-0: Called Strike
2-1: Foul Ball, location: 2F
2-2: Foul Ball, location: 2F
2-2: Ball
3-2: Strikes out swinging
Top of the 8th over - 0 run(s), 1 hit(s), 0 error(s), 1 left on base; Walla Walla 1 - Mancelona 4
BOTTOM OF THE 8TH
Mancelona Torch batting - Pitching for Walla Walla Walleye : LHP Octávio Fernández
Batting: RHB Jim Unknown 0-0: Ground out 4-3 (Groundball, 4)
Batting: LHB Raúl Godines 0-0: Ground out 4-3 (Groundball, 4)
Batting: RHB Juan Báez 0-0: Called Strike
0-1: Foul Ball, location: 2F
0-2: DOUBLE (Groundball, 5L)
Pitching: RHP Jim Unknown
Batting: RHB Bert Cook 0-0: SINGLE (Groundball, 56)
Juan Báez to third
Runner from 3rd tries for Home, SAFE, no throw or cutoff
Batting: LHB Jim Unknown 0-0: Ball
1-0: Called Strike
1-1: Fly out, F7 (Line Drive, 7M)
Bottom of the 8th over - 1 run(s), 2 hit(s), 0 error(s), 1 left on base; Walla Walla 1 - Mancelona 5
TOP OF THE 9TH
Walla Walla Walleye batting - Pitching for Mancelona Torch : RHP Tadayoshi Tanaka
Pitching: LHP Jim Unknown
Batting: RHB Vicente Quezada 0-0: Ball
1-0: Foul Ball, location: 2F
1-1: Ball
2-1: Fly out, F7 (Flyball, 78M)
Batting: RHB Hieu De 0-0: Ball
1-0: Swinging Strike
1-1: Foul Ball, location: 2F
1-2: Strikes out swinging passed ball, reaches first!
Batting: RHB Juan Martínez 0-0: Ball
1-0: Ball
2-0: Ball
3-0: Called Strike
3-1: Foul Ball, location: 2F
3-2: Base on Balls
Hieu De to second
Batting: RHB Jim Brooks 0-0: Swinging Strike
0-1: Swinging Strike
0-2: Foul Ball, location: 2F
0-2: Ball
1-2: Strikes out swinging
Batting: SHB David Martínez 0-0: Called Strike
0-1: Foul Ball, location: 2F
0-2: Ball
1-2: Ball
2-2: Strikes out looking
Top of the 9th over - 0 run(s), 0 hit(s), 0 error(s), 2 left on base; Walla Walla 1 - Mancelona 5
This league is powered by Out of the Park Baseball, the baseball management simulation game for PC, Mac and Linux
Friday, July 8th, 2016 - OOTP Baseball 16.9 Build 39